 Dungeon Crawl Stone Soup version 0.19.5 (webtiles) character file.

22369 RaHiT the Destroyer (level 12, 0/74 HPs)
             Began as a Mummy Conjurer on Apr 8, 2017.
             Was a High Priest of Vehumet.
             Killed from afar by a white draconian (17 damage)
             ... with a chilling blast
             ... in an ice cave.
             The game lasted 01:47:33 (20663 turns).

RaHiT the Destroyer (Mummy Conjurer)               Turns: 20663, Time: 01:47:36

Health: 0/74       AC: 12    Str: 11    XL:     12   Next: 62%
Magic:  2/28       EV: 12    Int: 27    God:    Vehumet [*****.]
Gold:   665        SH:  0    Dex: 14    Spells: 5 memorised, 18 levels left

rFire  x . .     SeeInvis .     r - +3 quarterstaff (chaos)
rCold  + . .     Gourm    .     z - +2 robe {MR+}
rNeg   + + +     Faith    .     (shield currently unavailable)
rPois  ∞         Spirit   .     A - +1 helmet of Asmay {Int+6}
rElec  .         Reflect  .     y - +1 cloak {+Inv}
rCorr  .         Harm     .     m - +2 pair of gloves
MR     ++...                    F - +0 pair of boots
Stlth  +++.......               (no amulet)
                                R - ring of stealth
                                t - +3 ring of intelligence

@: no status effects
A: no food or potions, fire vulnerability, cold resistance 1, negative energy
resistance 3, torment resistance, unbreathing
a: Renounce Religion, Evoke Invisibility


You were in an ice cave.
You worshipped Vehumet.
Vehumet was extremely pleased with you.
You were not hungry.

You visited 3 branches of the dungeon, and saw 14 of its levels.
You also visited: Sewer and Ice Cave.

You collected 665 gold pieces.

Inventory:

Hand Weapons
 c - a +0 blowgun
 l - a +1 dagger of flaming
 n - a +1 vampiric hand axe
 o - a +1 mace of crushing
 p - a -2 dagger
 q - a +0 war axe of chopping
 r - a +3 quarterstaff of chaos (weapon)
 s - a +1 dagger of draining
 u - a +3 dire flail of freezing
 v - a +3 flail
 w - a +2 hand axe of flaming
 B - a -1 flail
 D - a -3 dagger
 G - a +3 great sword
 H - a +3 halberd of freezing
 I - a +3 dire flail of freezing
 K - a +1 scimitar of flaming
Missiles
 i - 6 curare-tipped needles
Armour
 m - a +2 pair of gloves (worn)
 y - a +1 cloak of invisibility (worn)
 z - a +2 robe of magic resistance (worn)
 A - the +1 helmet of Asmay (worn) {Int+6}
   (You found it on level 7 of the Dungeon)

   It affects your intelligence (+6).
 F - a +0 pair of boots (worn)
Magical Staves
 J - an uncursed staff of energy
Jewellery
 t - a +3 ring of intelligence (left hand)
 R - a ring of stealth (right hand)
Wands
 x - a wand of iceblast (3/15)
 L - a wand of flame (6/48)
 M - a wand of iceblast (2/15)
 P - a wand of polymorph (13/24)
Scrolls
 a - 4 scrolls of amnesia
 d - a scroll of fear
 e - a scroll of blinking
 f - 10 scrolls of remove curse
 g - a scroll of torment
 h - 6 scrolls of teleportation
 j - 2 scrolls of enchant armour
 k - 3 scrolls of enchant weapon
 C - 3 scrolls of brand weapon
 E - a scroll of immolation
 N - 3 scrolls of recharging
 S - a scroll of identify
Books
 b - a book of Conjurations

   Spells                             Type                      Level
   a - Magic Dart                     Conjuration                  1
   b - Searing Ray                    Conjuration                  2
   c - Dazzling Spray                 Conjuration/Hexes            3
   d - Fulminant Prism                Conjuration/Hexes            4
   e - Iskenderun's Mystic Blast      Conjuration                  4
   f - Iskenderun's Battlesphere      Conjuration/Charms           5
 Q - a book of Misfortune

   Spells                             Type                      Level
   a - Confusing Touch                Hexes                        1
   b - Confuse                        Hexes                        3
   c - Gell's Gravitas                Hexes/Translocation          3
   d - Petrify                        Transmutation/Earth          4
   e - Metabolic Englaciation         Hexes/Ice                    5
   f - Yara's Violent Unravelling     Hexes/Transmutation          5
Miscellaneous
 O - a phantom mirror


   Skills:
 - Level 2.0 Dodging
 - Level 1.5 Stealth
 - Level 12.1 Spellcasting
 * Level 13.9 Conjurations


You had 18 spell levels left.
You knew the following spells:

 Your Spells              Type           Power        Failure   Level  Hunger
a - Magic Dart            Conj           ####         0%          1    N/A
b - Iskenderun's Mystic   Conj           ######..     1%          4    N/A
c - Iskenderun's Battles  Conj/Chrm      ######..     1%          5    N/A
d - Lightning Bolt        Conj/Air       ######....   1%          5    N/A
q - Searing Ray           Conj           ######       0%          2    N/A

Dungeon Overview and Level Annotations

Branches:
Dungeon (10/15)            Temple (1/1) D:6            Lair (3/6) D:10
    Orc (0/2) D:10
  Swamp: Lair:2-4    Shoals: Lair:2-4     Snake: Lair:2-4    Spider: Lair:2-4

Altars:
Ashenzari
Cheibriados
Dithmenos
Elyvilon
Fedhas
Gozag
Hepliaklqana
Kikubaaqudgha
Makhleb
Nemelex Xobeh
Okawaru
Qazlal
Ru
Sif Muna
Trog
Uskayaw
Vehumet
Xom
Yredelemnul
Zin
The Shining One

Shops:
D:5 *   D:9 :[!*=


Innate Abilities, Weirdness & Mutations

You do not eat or drink.
Your flesh is vulnerable to fire.
You are immune to poison.
Your flesh is cold resistant. (rC+)
You are immune to negative energy. (rN+++)
You are immune to unholy pain and torment.
You can survive without breathing.


Message History

Press: ? - help, Shift-Dir - straight line, f/p - white draconian
Aim: a white draconian, wielding a great sword of distortion and wearing a cloak of cold resistance (severely wounded, catching its breath)
The magic dart hits the white draconian.
The white draconian is severely wounded.
Your battlesphere fires!
The barrage of energy hits the white draconian.
The white draconian is almost dead.
Casting: Magic Dart
Confirm with . or Enter, or press ? or * to list all spells.
Aiming: Magic Dart
Press: ? - help, Shift-Dir - straight line, f/p - white draconian
Aim: a white draconian, wielding a great sword of distortion and wearing a cloak of cold resistance (almost dead)
The magic dart hits the white draconian.
The white draconian is almost dead.
Your battlesphere fires!
The barrage of energy hits the white draconian.
The white draconian is almost dead.
The white draconian breathes frost at you.
The chilling blast hits you! You resist.
You die...

...#...########
.####....÷....###
#####..§.........##
##........####...###
##........##.)###...##
#........##.*.))##hh.#
##.......#))[....#...#
####.....##......#...#
≈≈≈##.....###..d@...##
≈≈≈###............##
#≈≈≈≈≈.#.........###
###≈≈≈############
##≈≈≈≈≈≈≈≈ ##..≈≈≈≈≈≈≈
#.#.##≈≈### ##.## #
#..##


You could see a white draconian and a friendly battlesphere.

Vanquished Creatures
  Erolcha (D:9)
  A hydra (Lair:2)
  2 unseen horrors (D:10)
  A hill giant (D:10)
  3 black mambas
  2 ice statues (IceCv)
  An elephant (D:10)
  A gargoyle (D:8)
  A spiny frog (Lair:3)
  A rime drake (Lair:1)
  12 polar bears (IceCv)
  A slime creature (Lair:2)
  A two-headed ogre (D:10)
  3 hippogriffs
  A spriggan (D:9)
  Sigmund (D:6)
  28 yaks
  Eustachio (D:6)
  A basilisk (Lair:2)
  Menkaure (D:6)
  Edmund (D:4)
  3 water moccasins
  3 porcupines (Lair:3)
  2 ice beasts
  2 orc warriors
  2 phantoms
  2 black bears (D:8)
  2 sky beasts
  A necrophage (D:7)
  26 wolves
  3 centaurs
  5 crocodiles
  2 ogres
  11 bullfrogs
  The ghost of sheala the Magician, an amateur DEEE of Sif Muna (D:5)
  3 big kobolds
  Blork the orc (D:6)
  A water moccasin zombie (D:7)
  4 scorpions
  3 killer bees (D:10)
  10 wights
  2 howler monkeys (D:10)
  2 electric eels (Lair:2)
  9 jellies
  4 crimson imps
  3 lava snakes (D:10)
  A bullfrog zombie (D:5)
  3 orc priests
  3 hounds
  Crazy Yiuf (D:6)
  3 bullfrog skeletons
  9 orc wizards
  2 centaur skeletons
  5 iguanas
  4 worker ants
  A hound skeleton (D:10)
  A worker ant zombie (D:6)
  4 gnolls
  2 river rats (Sewer)
  18 adders
  A shadow imp (D:10)
  12 white imps (Lair:3)
  13 oozes
  3 worms
  3 dart slugs (D:1)
  3 leopard geckos
  53 orcs
  A ball python (D:5)
  8 giant cockroaches
  7 hobgoblins
  26 jackals
  5 quokkas
  5 bats
  6 frilled lizards
  7 goblins
  20 kobolds
  2 leopard gecko skeletons
  A quokka skeleton (D:6)
  A quokka zombie (D:9)
  11 rats
417 creatures vanquished.

Vanquished Creatures (others)
  10 fungi (Lair:2)
  A plant (Lair:2)
11 creatures vanquished.

Grand Total: 428 creatures vanquished

Notes
Turn   | Place    | Note
-------+----------+-------------------------------------------
     0 | D:1      | RaHiT the Mummy Conjurer began the quest for the Orb.
     0 | D:1      | Reached XP level 1. HP: 13/13 MP: 3/3
   403 | D:1      | Reached XP level 2. HP: 19/19 MP: 3/5
   407 | D:1      | Learned a level 2 spell: Searing Ray
  1127 | D:2      | Reached XP level 3. HP: 24/24 MP: 1/7
  1392 | D:2      | Found a shimmering altar of Xom.
  1691 | D:2      | Reached XP level 4. HP: 30/30 MP: 3/8
  2028 | D:2      | Reached skill level 4 in Conjurations
  2085 | D:2      | Learned a level 4 spell: Iskenderun's Mystic Blast
  2841 | D:3      | Reached XP level 5. HP: 33/35 MP: 2/10
  2865 | D:3      | Found a sacrificial altar of Ru.
  3566 | D:3      | Learned a level 5 spell: Iskenderun's Battlesphere
  3867 | D:4      | Noticed Edmund
  4117 | D:4      | Killed Edmund
  4117 | D:4      | Reached skill level 5 in Spellcasting
  4117 | D:4      | Reached XP level 6. HP: 24/41 MP: 3/14
  4848 | D:4      | Found a radiant altar of Vehumet.
  4851 | D:4      | Became a worshipper of Vehumet
  5103 | D:5      | Entered Level 5 of the Dungeon
  5109 | D:5      | Found a bloodstained altar of Trog.
  5113 | D:5      | Noticed sheala's ghost (amateur DEEE)
  5217 | D:5      | Found a glowing drain.
  5238 | Sewer    | Entered a sewer
  5475 | Sewer    | Reached XP level 7. HP: 46/46 MP: 11/16
  5548 | Sewer    | Found a white marble altar of Elyvilon.
  5723 | D:5      | Killed sheala's ghost
  5723 | D:5      | Reached skill level 5 in Conjurations
  6126 | D:5      | Found a burning altar of Makhleb.
  6388 | D:5      | Reached * piety under Vehumet
  6388 | D:5      | Offered knowledge of Flame Tongue by Vehumet.
  6581 | D:5      | Found a burning altar of Makhleb.
  6694 | D:5      | Reached skill level 6 in Conjurations
  6721 | D:5      | Found Rashoeva's Assorted Antiques.
  7182 | D:6      | Noticed Eustachio
  7199 | D:6      | Killed Eustachio
  7199 | D:6      | Reached XP level 8. HP: 43/52 MP: 8/17
  7327 | D:6      | Noticed Menkaure
  7333 | D:6      | Killed Menkaure
  7333 | D:6      | Reached skill level 7 in Conjurations
  7921 | D:6      | Noticed Blork the orc
  7930 | D:6      | Killed Blork the orc
  7930 | D:6      | Reached skill level 8 in Conjurations
  8045 | D:6      | Noticed Sigmund
  8108 | D:6      | Killed Sigmund
  8224 | D:6      | Reached ** piety under Vehumet
  8232 | D:6      | Offered knowledge of Throw Frost by Vehumet.
  8333 | D:6      | Reached XP level 9. HP: 57/57 MP: 11/18
  8396 | D:6      | Reached skill level 9 in Conjurations
  8649 | D:6      | Found a staircase to the Ecumenical Temple.
  8765 | D:6      | Found a runed door.
  8769 | D:6      | Noticed Crazy Yiuf
  8773 | D:6      | Killed Crazy Yiuf
  8836 | Temple   | Entered the Ecumenical Temple
  9352 | D:7      | Found a glowing silver altar of Zin.
  9546 | D:7      | Reached skill level 10 in Conjurations
  9825 | D:7      | Got an encrusted helmet
  9902 | D:7      | Identified the +1 helmet of Asmay {Int+6} (You found it on level 7 of the Dungeon)
  9927 | D:7      | Offered knowledge of Static Discharge by Vehumet.
 10485 | D:8      | Reached *** piety under Vehumet
 10697 | D:8      | Found a hazy altar of Hepliaklqana.
 10892 | D:8      | Noticed a gargoyle
 10892 | D:8      | Reached XP level 10. HP: 63/63 MP: 15/22
 10944 | D:8      | Killed a gargoyle
 11194 | D:8      | Offered knowledge of Force Lance by Vehumet.
 11201 | D:8      | Found a shattered altar of Ashenzari.
 11203 | D:8      | Found a blossoming altar of Fedhas.
 11570 | D:9      | HP: 2/63 [wight/halberd of freezing (14)]
 11937 | D:9      | Noticed Erolcha
 11942 | D:9      | Killed Erolcha
 11942 | D:9      | Reached skill level 10 in Spellcasting
 12069 | D:9      | Found Cavvufal's Book Boutique.
 12097 | D:9      | Found Xoj Kiwa's Distillery.
 12164 | D:9      | Found Joopexui's Antique Armour Shop.
 12480 | D:9      | Found Icoitz's General Store.
 12492 | D:9      | Found Inoisk's Jewellery Boutique.
 12783 | D:10     | Entered Level 10 of the Dungeon
 12788 | D:10     | Reached **** piety under Vehumet
 13144 | D:10     | Noticed an elephant
 13181 | D:10     | Killed an elephant
 13404 | D:10     | Killed an unseen horror
 13491 | D:10     | Found a staircase to the Lair.
 13537 | D:10     | Killed an unseen horror
 13537 | D:10     | Reached XP level 11. HP: 67/68 MP: 15/26
 13611 | D:10     | Noticed a hill giant
 13648 | D:10     | Killed a hill giant
 13658 | D:10     | Offered knowledge of Lightning Bolt by Vehumet.
 14020 | D:10     | Found a staircase to the Orcish Mines.
 14576 | Lair:1   | Entered Level 1 of the Lair of Beasts
 15839 | Lair:2   | Reached skill level 11 in Conjurations
 17497 | Lair:2   | Reached skill level 12 in Conjurations
 17644 | Lair:2   | Noticed a four-headed hydra
 17648 | Lair:2   | Killed a four-headed hydra
 17929 | Lair:3   | Reached XP level 12. HP: 74/74 MP: 20/28
 18258 | Lair:3   | Found a frozen archway.
 18288 | IceCv    | Entered an ice cave
 18294 | IceCv    | Reached ***** piety under Vehumet
 18459 | IceCv    | Learned a level 5 spell: Lightning Bolt
 18534 | IceCv    | Reached skill level 13 in Conjurations
 18820 | IceCv    | Offered knowledge of Sticky Flame by Vehumet.
 19666 | IceCv    | Noticed a white draconian
 20663 | IceCv    | Killed from afar by a white draconian

Skill      XL: |  1  2  3  4  5  6  7  8  9 10 11 12 |
---------------+-------------------------------------+-----
Dodging        | 2 |  2.0
Spellcasting   | 3 5 6 8 11 12 | 12.1
Conjurations   | 4 6 8 10 12 13 | 13.9
Stealth        | |  1.5

Action                   |  1- 3 |  4- 6 |  7- 9 | 10-12 || total
-------------------------+-------+-------+-------+-------++-------
Melee: Spear             |    11 |    37 |       |       ||    48
       Dagger            |       |     8 |    35 |       ||    43
       Quarterstaff      |       |       |    36 |   115 ||   151
 Fire: Blowgun           |       |       |     9 |       ||     9
 Cast: Magic Dart        |    47 |    72 |   118 |   233 ||   470
       Searing Ray       |     8 |    32 |    69 |    88 ||   197
       Iskenderun's Myst |       |     1 |     6 |    49 ||    56
       Iskenderun's Batt |       |       |       |    48 ||    48
       Lightning Bolt    |       |       |       |     4 ||     4
Evoke: Wand              |       |     1 |     8 |     4 ||    13
  Use: Scroll            |       |     9 |     2 |    12 ||    23
 Stab: Sleeping          |       |     1 |     2 |       ||     3
Armor: Robe              |     2 |    19 |    41 |   134 ||   196
Dodge: Dodged            |    10 |    67 |   104 |   202 ||   383
